 Dungeon Crawl Stone Soup version 0.30-a0-758-gc2c871d025 (webtiles) character file.

Game seed: 11423482610726812021

11 DEFE the Covered (level 2, 0/21 HPs)
             Began as a Djinni Wanderer on Feb 10, 2023.
             Slain by an endoplasm (3 damage)
             ... on level 1 of the Dungeon.
             The game lasted 00:00:33 (541 turns).

DEFE the Covered (Djinni Wanderer)                   Turns: 541, Time: 00:00:33

Health: 0/21       AC:  5    Str: 12    XL:     2   Next: 40%
Gold:   62         EV: 10    Int: 14    God:
                   SH:  0    Dex: 10

rFire   + + .      SeeInvis .    a - +0 short sword
rCold   x . .      Faith    .    (no shield)
rNeg    . . .      Spirit   .    b - +0 ring mail
rPois   ∞          Reflect  .    (no helmet)
rElec   .          Harm     .    (no cloak)
rCorr   .          Rampage  .    (no gloves)
Will    .....                    (boots unavailable) Stlth
                                 (no amulet)
HPRegen 0.23/turn                (no ring)
MPRegen 0.00/turn                (no ring)

@: flying
A: sickness immunity, fire resistance 2, cold vulnerability 1, float, innate
caster, HP casting, extra vitality 1
a: no special abilities


You were on level 1 of the Dungeon.
You visited 1 branch of the dungeon, and saw 1 of its levels.

You collected 62 gold pieces.

Inventory:

Hand Weapons
 a - a +0 short sword (weapon)
Armour
 b - a +0 ring mail (worn)
Scrolls
 c - a scroll of silence
 e - 2 scrolls of identify {unknown}
 h - a scroll of blinking {unknown}
Potions
 d - a potion of resistance {unknown}
 f - a potion of curing {unknown}
 g - a potion of brilliance {unknown}


   Skills:
 + Level 2.2 Short Blades
 - Level 4.0 Armour
 + Level 1.4 Spellcasting
 - Level 1.7 Invocations


You had 3 spell levels left.
You didn't know any spells.
Your spell library was empty.

Dungeon Overview and Level Annotations

Branches:
Dungeon (1/15)

Altars:


Innate Abilities, Weirdness & Mutations

You are immune to sickness and miasma.
You are immune to poison.
Your flesh is very heat resistant. (rF++)
You are vulnerable to cold. (rC-)
You float through the air rather than walking.
You learn spells naturally, not from books.
Your magical power is your life essence.
You have superior vitality. (+4 MHP)


Message History

The quokka bites you.
You barely miss the quokka. The quokka bites you.
You hit the quokka but do no damage. The endoplasm barely misses you.
The quokka closely misses you.
You barely miss the quokka. The endoplasm hits you. The quokka bites you.
You miss the quokka.
The endoplasm hits you but does no damage.
The quokka barely misses you.
You barely miss the quokka. The quokka barely misses you.
The endoplasm hits you but does no damage.
You hit the quokka. The quokka barely misses you.
The endoplasm hits you but does no damage.
You take 5 damage, and have 16/21 hp.
MASSIVE DAMAGE!!
You hit the quokka. The quokka barely misses you.
The endoplasm hits you but does no damage.
You closely miss the quokka. The quokka barely misses you.
The endoplasm hits you.
You take 2 damage, and have 14/21 hp.
You barely miss the quokka.
The quokka bites you but does no damage.
You closely miss the quokka. The quokka bites you. The endoplasm freezes you.
You are frozen.
You feel a terrible chill!
You take 7 damage, and have 7/21 hp.
MASSIVE DAMAGE!!
You hit the endoplasm.
The quokka bites you but does no damage.
The goblin closely misses you. The endoplasm closely misses you.
The quokka barely misses you.
Unknown command.
You hit the endoplasm but do no damage. The goblin hits you but does no damage.
The endoplasm closely misses you. The quokka bites you.
You take 1 damage, and have 7/21 hp.
Unknown command.
The quokka attacks as you move away! The quokka bites you.
* * * LOW HITPOINT WARNING * * *
The endoplasm hits you.
You die...

#
......#.......#.....#
#
#.....#.......#..§..#
..
#............§'.....#
#.
#......#.....b#.....#
#
#.....#.#.....##.####
#....#._.#.##.##.#
#...r.#.#..##.##.#
#...gJ.#...##. #.#
#...@......##§ #..
#.#...#######. ### ..
#.### ## #. #. ##


You could see an endoplasm, a quokka and a goblin.

Vanquished Creatures
  2 endoplasms (D:1)
  3 kobolds (D:1)
  A quokka (D:1)
  A ball python (D:1)
  2 bats (D:1)
  2 rats (D:1)
11 creatures vanquished.

Notes
Turn   | Place    | Note
-------+----------+-------------------------------------------
     0 | D:1      | DEFE the Djinni Wanderer began the quest for the Orb.
     0 | D:1      | DEFE set off with the following items: a +0 short sword, a
                  | +0 ring mail, a scroll of silence.
     0 | D:1      | Reached XP level 1. HP: 15/15 MP: 0/0
   220 | D:1      | Reached XP level 2. HP: 5/21 MP: 0/0
   223 | D:1      | HP: 1/21 [kobold/+0 short sword (2)]
   522 | D:1      | Found a faded altar of an unknown god.
   541 | D:1      | Slain by an endoplasm

Illustrated notes

Levels and vault maps discovered:
D:1:      erik_arrival_orb_chamber, layout_basic,
          chequers_ecumenical_altar_simple_redux

Skill      XL: |  1 |
---------------+----+-----
Short Blades   | 2 |  2.2
Armour         | |  4.0
Spellcasting   | |  1.4
Invocations    | |  1.7

Action                     || total
---------------------------++-------
  Melee: Short sword       ||    61
 Armour: Ring mail         ||    28
  Dodge: Dodged            ||    40

Table legend: (Time is in decaauts)
 A = Elapsed time spent in this place.
 B = Non-inter-level travel time spent in this place.
 C = Inter-level travel time spent in this place.
 D = Time resting spent in this place.
 E = Time spent auto-exploring this place.
 F = Levels seen in this place.
 G = Mean time per level.
                   A        B        C        D        E       F      G
               +--------+--------+--------+--------+--------+-----+--------+
         Total |    534 |    534 |      0 |    217 |    214 |   1 |  534.0 |
       Dungeon |    534 |    534 |      0 |    217 |    214 |   1 |  534.0 |
               +--------+--------+--------+--------+--------+-----+--------+

Top non-repeatable levels by time:
     D:1: 534 daAuts
